Map: 큐리어스 마인즈 - 래더

Players

Kelazhur

  • Race: Terran Terran
  • League: Master

DPGrogue (Rogue) - Winner!

  • Race: Zerg Zerg

VOD

Have the link to the VOD?

Description

Time

  • Played on: Oct. 21, 2021, 7:41 a.m.
  • Length: 11:32
Show
View Real Time Build Order
Export as new Build Order

Kelazhur Terran 

Build Orders: Hellion Opening, Reaper Expand 

Get SALT Encoding   

  12  0:00  SCV  
  13  0:12  SCV  
  14  0:17  Supply Depot  
  14  0:24  SCV  
  15  0:38  SCV  
  15  0:39  Barracks  
  15  0:42  Refinery  
  16  0:50  SCV  
  17  1:03  SCV  
  18  1:15  SCV  
  19  1:26  Reaper  
  19  1:27  Orbital Command  
  20  1:38  Command Center  
  20  1:47  Supply Depot  
  20  1:52  SCV  
  21  1:58  Marine  
  22  2:05  Factory  
  22  2:08  SCV  
  23  2:19  Barracks Reactor  
  23  2:20  SCV  
  24  2:32  SCV  
  25  2:40  Command Center  
  25  2:44  SCV  
  26  2:51  Orbital Command  
  26  2:56  SCV  
  27  3:00  Hellion  
  27  3:02  Hellion  
  31  3:08  SCV  
  31  3:12  Starport  
  32  3:18  SCV, Refinery  
  33  3:20  SCV  
  33  3:25  Hellion  
  36  3:28  Hellion  
  36  3:31  Barracks Tech Lab  
  36  3:32  SCV  
  39  3:40  SCV  
  40  3:46  Hellion  
  42  3:49  Hellion  
  42  3:51  SCV  
  42  3:52  Orbital Command  
  42  3:54  SCV  
  46  4:00  Raven  
  48  4:03  SCV  
  48  4:06  SCV  
  48  4:08  Hellion  
  52  4:13  Barracks Tech Lab  
  52  4:15  Supply Depot, SCV, Hellion  
  55  4:19  SCV x2  
  57  4:27  SCV  
  57  4:30  Supply Depot  
  57  4:31  Marine, SCV x2, Stimpack  
  61  4:40  SCV  
  61  4:43  Barracks, SCV  
  61  4:44  Barracks  
  63  4:45  Factory Reactor  
  63  4:47  SCV  
  63  4:52  SCV  
  65  4:54  Starport Reactor  
  65  4:55  Marine, SCV, Refinery  
  65  4:56  Refinery  
  68  5:00  SCV  
  68  5:01  Engineering Bay  
  68  5:02  Engineering Bay  
  68  5:05  SCV  
  69  5:07  SCV  
  69  5:12  Supply Depot, SCV  
  69  5:13  Marine  
  72  5:17  SCV  
  72  5:19  SCV  
  75  5:29  SCV  
  75  5:31  Marine, Barracks, SCV  
  75  5:32  Barracks  
  75  5:33  Orbital Command  
  75  5:35  Medivac x2  
  81  5:38  Marine x2, Terran Infantry Weapons Level 1  
  81  5:39  Terran Infantry Armor Level 1  
  81  5:40  Marine x2  
  85  5:49  Supply Depot  
  85  5:55  Supply Depot  
  85  6:00  Supply Depot  
  85  6:02  Supply Depot  
  85  6:07  SCV x2  
  85  6:09  Marine  
  85  6:10  Marine x2  
  85  6:11  Siege Tank, SCV  
  91  6:12  Marine  
  91  6:14  Marine  
  93  6:19  SCV x2  
  93  6:21  Barracks Reactor  
  93  6:22  Barracks Reactor, Combat Shield  
  93  6:23  SCV  
  96  6:27  Marine  
  96  6:28  Marine x2  
  96  6:30  Marine  
  96  6:31  SCV x2  
  96  6:32  Marine  
  102  6:44  Marine, SCV  
  102  6:46  Marine x2  
  102  6:47  Marine, Siege Tank, Medivac x2  
  109  6:49  Marine  
  109  6:51  Supply Depot  
  109  6:52  Supply Depot, SCV  
  109  6:53  Supply Depot  
  116  6:57  Marine  
  117  7:11  Marine  
  117  7:12  Marine x4  
  117  7:13  SCV x3  
  124  7:19  Marine, Siege Tank, Medivac x2  
  124  7:20  Marine x3  
  135  7:25  SCV x2  
  135  7:26  Refinery x2  
  135  7:28  Marine, Supply Depot x2  
  138  7:30  Marine x2  
  138  7:31  Marine  
  138  7:33  Marine  
  138  7:35  SCV  
  139  7:37  Marine  
  134  7:47  Marauder  
  134  7:48  Marine  
  134  7:49  Medivac x2  
  134  7:51  Marine  
  130  7:52  Marine x3  
  130  7:53  Marine x2  
  130  7:54  Siege Tank  
  130  7:55  Marine  
  135  8:00  Orbital Command  
  128  8:10  Supply Depot  
  128  8:11  Supply Depot x2  
  128  8:12  Marine x4  
  132  8:13  Marauder  
  132  8:16  Supply Depot  
  130  8:23  Supply Depot  
  130  8:26  Armory  
  130  8:32  Medivac x2, SCV, Siege Tank  
  130  8:33  SCV  
  141  8:34  Marauder  
  141  8:38  SCV  
  141  8:40  Marine x7  
  149  8:44  Marine  
  149  8:45  Supply Depot  
  149  8:47  Supply Depot  
  150  8:52  SCV  
  150  8:55  Marine  
  148  9:00  Marine x2  
  148  9:01  Marine x5  
  148  9:02  Marine  
  122  9:04  Orbital Command  
  122  9:05  Siege Tank  
  117  9:13  Marauder  
  115  9:18  Marine x4  
  115  9:19  Marine  
  115  9:24  Engineering Bay  
  115  9:26  Marine x3  
  104  9:34  Marine, SCV x2  
  104  9:36  Marine  
  104  9:37  Siege Tank  
  104  9:38  Medivac  
  113  9:43  SCV  
  114  9:46  SCV x2  
  114  9:47  Marine x2  
  118  9:54  Marine  
  118  9:55  SCV  
  118  9:58  Factory, SCV  
  121  10:01  Marine x3, Refinery  
  124  10:08  Refinery  
  124  10:09  Siege Tank  
  131  10:14  Liberator x2  
  131  10:15  Marine  
  131  10:16  Marauder  
  131  10:17  Concussive Shells  
  131  10:19  Marine x2  
  138  10:26  Marine  
  138  10:27  Marine  
  140  10:33  Supply Depot  
  139  10:39  Marauder  
  123  10:44  Marine x7  
  123  10:45  Marine  
  123  10:48  Siege Tank  
  108  10:59  Marine  
  108  11:02  Marine x3  
  109  11:07  Command Center  
  109  11:09  Marine  
  110  11:11  Marine  
  110  11:15  Factory Tech Lab  
Show
View Real Time Build Order
Export as new Build Order

DPGrogue Zerg - Winner!

Build Orders: Hatch First 

Get SALT Encoding   

  12  0:00  Drone  
  13  0:15  Overlord  
  13  0:17  Drone  
  14  0:33  Drone x2  
  16  0:49  Hatchery  
  15  0:51  Drone  
  15  0:54  Drone  
  17  0:58  Drone  
  18  1:09  Extractor  
  17  1:13  Spawning Pool  
  17  1:16  Drone  
  17  1:20  Drone  
  18  1:30  Drone  
  19  1:41  Drone  
  20  1:52  Drone  
  21  2:01  Queen x2  
  21  2:02  Zergling x2  
  21  2:03  Zergling x2  
  27  2:13  Zergling x2  
  27  2:14  Overlord  
  28  2:22  Hatchery  
  27  2:27  Drone  
  28  2:32  Drone  
  28  2:35  Drone x2  
  30  2:40  Queen  
  32  2:45  Metabolic Boost  
  32  2:52  Overlord  
  32  2:54  Drone  
  32  2:57  Drone x2  
  35  3:14  Drone x2  
  35  3:15  Drone x3  
  35  3:16  Queen  
  42  3:20  Overlord  
  42  3:22  Drone  
  43  3:35  Queen  
  43  3:36  Overlord  
  43  3:37  Zergling x4  
  47  3:42  Queen  
  47  3:47  Drone x2  
  51  3:48  Drone  
  51  3:49  Drone  
  51  3:53  Drone x3  
  56  4:00  Queen  
  58  4:03  Drone x3  
  58  4:08  Drone  
  58  4:09  Drone x2  
  64  4:13  Queen  
  64  4:16  Overlord  
  66  4:22  Overlord  
  66  4:25  Spore Crawler  
  65  4:31  Drone  
  65  4:32  Overlord  
  65  4:37  Lair  
  66  4:39  Drone x7  
  66  4:40  Extractor  
  66  4:44  Spore Crawler  
  71  4:48  Spore Crawler  
  71  4:50  Zergling x2  
  71  4:51  Zergling x6  
  74  4:55  Zergling x4  
  74  4:56  Overlord  
  74  4:57  Drone  
  74  4:58  Drone x2  
  79  5:06  Drone x2  
  81  5:10  Drone  
  81  5:11  Drone, Evolution Chamber  
  81  5:12  Drone, Evolution Chamber  
  81  5:13  Drone x2  
  84  5:15  Drone  
  84  5:16  Extractor x2  
  84  5:21  Drone  
  83  5:25  Drone  
  83  5:26  Drone x3  
  83  5:27  Drone  
  87  5:31  Extractor  
  87  5:32  Drone, Extractor  
  87  5:33  Roach Warren  
  85  5:36  Drone x4  
  85  5:39  Zerg Missile Weapons Level 1, Zerg Ground Armor Level 1  
  89  5:47  Overlord  
  89  5:48  Drone x2  
  91  5:54  Overlord  
  91  5:59  Overlord  
  91  6:02  Hatchery  
  90  6:16  Glial Reconstitution  
  90  6:18  Roach x11  
  109  6:22  Roach  
  109  6:23  Roach x2  
  109  6:24  Roach x2  
  121  6:30  Overlord  
  119  6:33  Overlord  
  119  6:37  Overlord x2  
  118  6:44  Roach x3  
  121  6:48  Overlord  
  121  6:50  Overlord x2  
  121  6:51  Overlord  
  121  6:52  Roach  
  122  7:03  Roach x4  
  122  7:06  Roach  
  122  7:07  Roach x5  
  142  7:09  Roach  
  142  7:12  Roach  
  142  7:15  Roach  
  148  7:17  Roach  
  148  7:19  Roach x3  
  148  7:22  Overlord x2  
  156  7:26  Ravager x7  
  156  7:27  Ravager  
  156  7:28  Roach x2  
  168  7:33  Roach  
  168  7:34  Roach x3  
  176  7:40  Roach  
  176  7:41  Roach  
  175  7:44  Roach  
  175  7:49  Drone x6  
  175  7:50  Drone x2  
  175  7:51  Drone  
  176  7:54  Overseer  
  176  7:56  Drone x2  
  170  8:01  Drone  
  170  8:02  Drone x4  
  167  8:15  Zerg Missile Weapons Level 2, Zerg Ground Armor Level 2  
  167  8:19  Roach x4  
  175  8:26  Roach x4  
  183  8:28  Overlord  
  183  8:32  Overlord  
  183  8:33  Ravager  
  185  8:34  Ravager x2  
  185  8:36  Ravager  
  185  8:37  Overlord  
  185  8:39  Roach  
  189  8:43  Zergling x6  
  189  8:47  Extractor  
  191  8:49  Zergling x2  
  191  8:52  Zergling x10  
  191  8:53  Overseer, Pneumatized Carapace  
  191  8:54  Zergling x2  
  196  9:00  Zergling x10  
  157  9:10  Roach x4  
  157  9:16  Roach  
  161  9:17  Roach x4  
  161  9:21  Roach  
  161  9:22  Roach  
  143  9:35  Roach x5  
  143  9:36  Drone  
  143  9:38  Overseer  
  154  9:39  Drone  
  154  9:42  Drone x2  
  157  9:49  Ravager x2  
  157  9:50  Ravager x4  
  157  9:51  Roach, Zergling x2  
  166  9:53  Roach  
  166  9:59  Roach x3  
  176  10:00  Roach  
  176  10:03  Roach  
  176  10:06  Roach x2  
  182  10:10  Roach x3  
  182  10:12  Roach  
  182  10:14  Roach  
  192  10:18  Roach x3  
  198  10:24  Roach  
  200  10:37  Infestation Pit  
  200  10:38  Hydralisk Den  
  200  10:42  Roach x7  
  177  10:50  Roach x8  
  177  10:52  Roach  
  177  10:53  Roach  
  177  10:54  Roach  
  177  10:56  Roach  
  180  11:02  Zergling x12  
  183  11:05  Ravager  
  183  11:07  Ravager x2  
  183  11:08  Ravager  
  183  11:09  Zergling x8  
  191  11:15  Zergling x12  
Tags
 
Add a new tag
Caveats
  • Supply blocks, unpowered buildings, or Contaminate may cause inaccurate times.
  • Supply counts are checked every 10 seconds.